 Dungeon Crawl Stone Soup version 0.25.1-2-g60ff931df9 (webtiles) character file.

Game seed: 14380196347868100918

11 HawFromDerth the Scratcher (level 2, -1/12 HPs)
             Began as a Felid Transmuter on Aug 20, 2020.
             Slain by an adder (4 damage)
             ... on level 2 of the Dungeon.
             The game lasted 00:01:48 (1607 turns).

HawFromDerth the Scratcher (Felid Transmuter)       Turns: 1607, Time: 00:01:49

Health: -1/12      AC:  1    Str:  6    XL:     2   Next: 13%
Magic:  6/6        EV: 18    Int: 14    God:
Gold:   44         SH:  0    Dex: 16    Spells: 4/5 levels left
                                        Lives:  0   Deaths: 0

rFire    . . .     SeeInvis +     - Unarmed
rCold    . . .     Gourm    .   (shield unavailable)
rNeg     . . .     Faith    .   (armour unavailable)
rPois    .         Spirit   .   (helmet unavailable)
rElec    .         Reflect  .   (cloak unavailable)
rCorr    .         Harm     .   (gloves unavailable)
MR       .....                  (boots unavailable)
Stlth    ++........             (no amulet)
HPRegen  0.04/turn              (no ring)
MPRegen  0.10/turn              (no ring)

@: quick
A: very small, no armour, no weapons or thrown items, stealth, claws 1, fangs 3,
see invisible, carnivore, speed 1, shaggy fur 1, slow metabolism 1, sharp paws
a: no special abilities


You were on level 2 of the Dungeon.
You were full.

You visited 1 branch of the dungeon, and saw 2 of its levels.

You collected 44 gold pieces.

Inventory:

Missiles
 a - 34 arrows
Scrolls
 b - 3 scrolls of teleportation {unknown}
 d - a scroll of noise {unknown}
 g - 2 scrolls of remove curse {unknown}
Potions
 e - a potion of heal wounds {unknown}
 f - a potion of haste {unknown}
 h - a potion of invisibility {unknown}
Comestibles
 c - a ration


   Skills:
 + Level 1.0 Fighting
 + Level 2.8 Dodging
 + Level 3.5 Unarmed Combat
 + Level 2.0 Spellcasting
 + Level 2.1 Transmutations


You had 4 spell levels left.
You knew the following spells:

 Your Spells              Type           Power        Failure   Level  Hunger
a - Beastly Appendage     Tmut           #.....       10%         1    ##.....

Your spell library contained the following spells:

 Spells                   Type           Power        Failure   Level  Hunger
 Sticks to Snakes         Tmut           #.......     14%         2    ###....
 Spider Form              Tmut/Pois      #.........   41%         3    ####...
 Ice Form                 Ice/Tmut       #.......     83%         4    #####..
 Blade Hands              Tmut           #.........   95%         5    ######.


Dungeon Overview and Level Annotations

Branches:
Dungeon (2/15)

Altars:
Ru
Trog


Innate Abilities, Weirdness & Mutations

You cannot wear armour.
You are incapable of wielding weapons or throwing items.
Your paws allow you to move quietly. (Stealth)
You have sharp claws.
You have razor-sharp teeth.
You have supernaturally acute eyesight. (SInv)
You are carnivorous and can eat meat at any time.
You cover ground quickly.
You are covered in fur. (AC +1)
You have a slow metabolism.
Your sharp claws are effective at attacking unaware monsters.


Message History

You scratch the ooze.
The ooze is severely wounded.
The ooze hits you.
* * * LOW HITPOINT WARNING * * *
A leopard gecko comes into view.
Found a ration.
There is an escape hatch in the floor here.
A kobold comes into view.
The leopard gecko hisses angrily.
The kobold shouts!
An adder comes into view.
The adder hisses angrily.
The kobold misses you. The kobold barely misses you.
The adder completely misses you.
You scratch the kobold.
You kill the kobold!
You closely miss the adder. The adder misses you.
You barely miss the adder. The adder bites you.
You die...

. ######. #......
#...... #######......
............
###############.........
.......@Sl.J.......%....
##############.#........
#...#......
.....##......
#...####..... #..###
#...... ..% #≈ #######
##.#$#≈##..#
.#.#≈≈##.####


You could see an ooze, an adder and a leopard gecko.

Vanquished Creatures
  4 bats (D:1)
  A goblin (D:1)
  A hobgoblin (D:1)
  A frilled lizard (D:1)
  4 kobolds
11 creatures vanquished.

Notes
Turn   | Place    | Note
-------+----------+-------------------------------------------
     0 | D:1      | HawFromDerth the Felid Transmuter began the quest for the
                  | Orb.
     0 | D:1      | Reached XP level 1. HP: 9/9 MP: 4/4
   883 | D:1      | Reached XP level 2. HP: 11/12 MP: 6/6
  1515 | D:2      | Found a sacrificial altar of Ru.
  1526 | D:2      | Found a bloodstained altar of Trog.
  1607 | D:2      | Slain by an adder

Illustrated notes

Levels and vault maps discovered:
D:1:      ncdulo_smallfort, layout_basic, minmay_misc_feat_tower
D:2:      layout_rooms, minitemple, amethyst_overflow_temple_binary,
          serial_rivers, chequers_serial_rivers_room_b,
          chequers_serial_rivers_small_3, chequers_serial_rivers_small_b,
          chequers_serial_rivers_micro_e, chequers_serial_rivers_large_a,
          chequers_serial_rivers_large_b, first_ration, minmay_between

Action                   || total
-------------------------++-------
Melee: Unarmed           ||    41
       Bite              ||     3
 Cast: Beastly Appendage ||     1
  Eat: Chunk             ||     5
Armor: Skin              ||     3
Dodge: Dodged            ||    49
